AoeStats
← Camarogo7150

MegaRandom

506477657Analyzed
2v2 RM · 20d ago on Sep 13, 2026· 51m 23s· 4 players
Game mode
Random Map
Map size
Medium (4 player)
Population
200
Speed
Normal
Resources
Standard
Victory
Conquest
Starting age
Dark Age
Ending age
Imperial Age
RankedLock teamsTeams togetherTeam positionsShared explorationLock speedFull tech treeHidden civsTurbo modeCheats
Victory
Defeat
🇮🇳 Khmer · India
1115
+11
🇹🇷 Spanish · Türkiye
1062
+13
🇩🇪 Maya · Germany
1006
-12
🇩🇪 Poles · Germany
1005
-12
GANZA
3:47 Loom
12:37 Feudal Age
19:27 Castle Age
17:32 Man-at-Arms
20:01 Forging
19:51 Scale Mail Armor
22:25 Husbandry
24:43 Double-Bit Axe
27:17 Horse Collar
29:44 Wheelbarrow
34:48 Iron Casting
34:18 Scale Barding Armor
37:45 Imperial Age
35:52 Fletching
36:46 Hand Cart
36:42 Heavy Plow
37:50 Cavalier
38:52 Chain Barding Armor
39:33 Blast Furnace
39:20 Conscription
39:32 Ballistics
41:21 Gold Mining
41:22 Stone Mining
42:16 Hoardings
42:08 Paladin
44:18 Chemistry
45:38 Bow Saw
45:53 Town Watch
46:00 Elite Conquistador
46:40 Bodkin Arrow
46:46 Padded Archer Armor
47:23 Plate Barding Armor
49:33 Bracer
49:48 Leather Archer Armor
Camarogo7150
1:22 Loom
15:08 Feudal Age
17:30 Double-Bit Axe
19:55 Castle Age
19:22 Horse Collar
21:07 Wheelbarrow
21:02 Forging
20:58 Scale Barding Armor
22:18 Iron Casting
22:03 Bloodlines
21:54 Husbandry
23:28 Chain Barding Armor
32:40 Town Watch
36:50 Man-at-Arms
37:17 Arson
37:35 Scale Mail Armor
38:11 Caravan
38:51 Hand Cart
38:37 Town Patrol
38:02 Long Swordsman
39:03 Chain Mail Armor
50:42 Imperial Age
50:45 Tusk Swords
51:23 Elite Battle Elephant
Gurken Freund Gert Gumpisch
1:44 Loom
12:16 Feudal Age
13:17 Double-Bit Axe
14:33 Arson
15:31 Wheelbarrow
16:31 Forging
16:21 Scale Mail Armor
17:06 Scale Mail Armor
17:18 Horse Collar
18:14 Gold Mining
20:20 Stone Mining
24:55 Castle Age
24:59 Eagle Warrior
26:16 Iron Casting
25:57 Chain Mail Armor
25:56 Squires
26:35 Hand Cart
26:21 Pikeman
27:53 Chain Mail Armor
28:27 Heavy Plow
30:28 Bow Saw
43:26 Imperial Age
42:49 Fletching
42:59 Padded Archer Armor
43:47 Bodkin Arrow
44:41 Holcans
43:43 Elite Plumed Archer
44:40 Leather Archer Armor
46:20 Conscription
46:29 Bracer
46:59 Ring Archer Armor
47:30 Blast Furnace
47:00 Plate Mail Armor
48:19 Thumb Ring
49:46 Ballistics
50:26 Chemistry
Willi will Wertsachen
2:36 Loom
13:49 Feudal Age
15:01 Double-Bit Axe
16:06 Gold Mining
16:34 Horse Collar
22:09 Castle Age
20:51 Wheelbarrow
20:40 Forging
20:36 Scale Barding Armor
23:33 Iron Casting
23:18 Chain Barding Armor
23:11 Husbandry
23:21 Bloodlines
23:40 Bow Saw
24:49 Heavy Plow
25:46 Szlachta Privileges
36:57 Pikeman
39:03 Squires
45:26 Imperial Age
46:12 Man-at-Arms
51:24 Hand Cart
Connection lost

Rejoining the realm…

Still unreachable

The connection could not be restored.

Session expired

The server has moved on; the page needs a fresh start.